 Dungeon Crawl Stone Soup version 0.30-a0-782-ge64f9170bb (webtiles) character file.

Game seed: 13134108663571183473

1407 Barriton the Chiller (level 8, -3/61 HPs)
             Began as a Yellow Draconian Ice Elementalist on Mar 10, 2023.
             Slain by an orc warrior
             ... wielding a +0 halberd
              (12 damage)
             ... on level 6 of the Dungeon.
             The game lasted 00:07:21 (4397 turns).

Barriton the Chiller (DrIE)                         Turns: 4397, Time: 00:07:21

Health: -3/61      AC:  8    Str: 11    XL:     8   Next: 42%
Magic:  5/17       EV: 12    Int: 17    God:
Gold:   343        SH:  0    Dex: 12    Spells: 15/19 levels left

rFire   x . .      SeeInvis .    b - +4 quarterstaff (chaos)
rCold   + . .      Faith    .    (shield currently unavailable)
rNeg    . . .      Spirit   .    (body armour unavailable)
rPois   .          Reflect  .    (helmet restricted)
rElec   .          Harm     .    s - +0 cloak
rCorr   +          Rampage  .    m - +0 pair of gloves
Will    .....                    (no boots)
Stlth   ++                       p - amulet of regeneration
HPRegen 1.10/turn                c - ring of ice
MPRegen 0.15/turn                (no ring)

@: no status effects
A: spit acid, AC +6, unfitting armour, cold-blooded, acid resistance
a: Breathe Acid


You were on level 6 of the Dungeon.
You visited 1 branch of the dungeon, and saw 8 of its levels.

You collected 343 gold pieces.

Inventory:

Hand Weapons
 b - a +4 quarterstaff of chaos (weapon)
Armour
 m - a +0 pair of gloves (worn)
 s - a +0 cloak (worn)
Jewellery
 c - a ring of ice (left hand)
 p - an amulet of regeneration (around neck)
 q - an amulet of the acrobat
Wands
 a - a wand of flame (29)
 n - a wand of mindburst (12)
Scrolls
 i - a scroll of immolation
Potions
 d - 2 potions of flight
 e - a potion of haste
 f - a potion of curing
 g - 2 potions of degeneration {unknown}
 h - 2 potions of brilliance
 j - a potion of resistance {unknown}
 k - a potion of invisibility {unknown}
 l - 2 potions of attraction {unknown}
 o - a potion of mutation {unknown}
 r - 2 potions of heal wounds {unknown}


   Skills:
 + Level 2.1 Fighting
 + Level 0.8 Staves
 + Level 2.8 Dodging
 + Level 2.6 Stealth
 + Level 0.5 Unarmed Combat
 + Level 6.4 Spellcasting
 + Level 7.8 Ice Magic


You had 15 spell levels left.
You knew the following spells:

 Your Spells              Type           Power      Damage    Failure   Level
a - Freeze                Ice            100%       1d10      1%          1
b - Ozocubu's Armour      Ice            48%        N/A       1%          3

Your spell library contained the following spells:

 Spells                   Type           Power      Damage    Failure   Level
 Frozen Ramparts          Ice            96%        1d15      1%          3
 Summon Ice Beast         Ice/Summ       28%        N/A       24%         4
 Malign Gateway           Summ/Tloc      2%         N/A       100%        7
 Summon Horrible Things   Summ           2%         N/A       100%        8


Dungeon Overview and Level Annotations

Branches:
Dungeon (8/15)
 Temple: D:4-7         Lair: D:8-11

Altars:
Cheibriados
Makhleb
Yredelemnul
The Shining One

Shops:
D:4 *   D:5 *


Innate Abilities, Weirdness & Mutations

You can spit globs of acid.
Your golden yellow scales are hard. (AC +6)
You cannot fit into any form of body armour.
You are cold-blooded and may be slowed by cold attacks.
You are resistant to acid. (rCorr)


Message History

Casting: Freeze (safe; 1% risk of failure)
Confirm with . or Enter, or press ? or * to list all spells.
Aiming: Freeze (safe; 1% risk of failure)
Press: ? - help, Shift-Dir - straight line, f - Prince Ribbit
Aim: Prince Ribbit (heavily wounded, slow)
You feel a surge of power!
You freeze Prince Ribbit!
Prince Ribbit is severely wounded.
The orc warrior misses you. Prince Ribbit barely misses you.
Casting: Freeze (safe; 1% risk of failure)
Confirm with . or Enter, or press ? or * to list all spells.
Aiming: Freeze (safe; 1% risk of failure)
Press: ? - help, Shift-Dir - straight line, f/p - Prince Ribbit
Aim: Prince Ribbit (severely wounded, slow)
You feel a surge of power!
You freeze Prince Ribbit!
Prince Ribbit is almost dead.
The orc warrior hits you from afar with a +0 halberd!
* * * LOW HITPOINT WARNING * * *
Prince Ribbit barely misses you.
Casting: Freeze (safe; 1% risk of failure)
Confirm with . or Enter, or press ? or * to list all spells.
Aiming: Freeze (safe; 1% risk of failure)
Press: ? - help, Shift-Dir - straight line, f/p - Prince Ribbit
Aim: Prince Ribbit (almost dead, slow)
You feel a surge of power!
You freeze Prince Ribbit.
You kill Prince Ribbit!
Prince Ribbit returns to his original shape as he dies.
The orc warrior hits you from afar with a +0 halberd!
* * * LOW HITPOINT WARNING * * *
Okay, then.
Casting: Freeze (safe; 1% risk of failure)
Confirm with . or Enter, or press ? or * to list all spells.
You feel a surge of power! A film of ice covers your body!
The orc warrior closely misses you.
Your icy armour will break if you move.
Continue?
Okay, then.
An orc warrior is nearby!
Your icy armour will break if you move.
Continue?
Your icy armour cracks and falls away as you move.
The orc warrior hits you with a +0 halberd!
You die...

#.# #+##### #.#
....... #.# ....... #.
#.# ....... #. #.#
....... #. ### #.#
....... #. +.#
#.###)...... #.
#.#####...†)../... #.
+....@o.......<..# #.
#.#######?.......####.
#.# #........##... #.#
#........##.#. #.#
#........##... #.#
###########.## #.# #.#
#.# #.# #.# #.#


You could see an orc warrior.

Vanquished Creatures
  Pikel (D:4)
  Prince Ribbit (D:6)
  Sigmund (D:4)
  A lemure (D:4)
  A phantom (D:6)
  Blork the orc (D:4)
  A howler monkey (D:6)
  A jelly (D:6)
  2 orc priests
  Crazy Yiuf (D:3)
  An iron imp (D:4)
  Jessica (D:2)
  Ijyb (D:3)
  Natasha (thrice) (D:4)
  An orc wizard (D:7)
  2 adders
  A white imp (D:6)
  4 worms (D:3)
  4 dart slugs
  8 orcs
  4 ball pythons
  8 endoplasms
  6 giant cockroaches
  10 goblins
  6 hobgoblins
  2 jackals (D:4)
  5 quokkas
  5 bats
  4 frilled lizards
  9 kobolds
  3 rats
99 creatures vanquished.

Notes
Turn   | Place    | Note
-------+----------+-------------------------------------------
     0 | D:1      | Barriton the Draconian Ice Elementalist began the quest for
                  | the Orb.
     0 | D:1      | Reached XP level 1. HP: 14/14 MP: 3/3
   160 | D:1      | Reached XP level 2. HP: 20/20 MP: 1/5
   891 | D:2      | Found a faded altar of an unknown god.
   923 | D:2      | Reached XP level 3. HP: 26/26 MP: 3/6
  1420 | D:2      | Noticed Jessica
  1426 | D:2      | Killed Jessica
  1427 | D:2      | Reached XP level 4. HP: 33/33 MP: 3/7
  1615 | D:3      | Reached skill level 5 in Ice Magic
  1778 | D:3      | Learned a level 3 spell: Ozocubu's Armour
  1872 | D:3      | Noticed Ijyb
  1907 | D:3      | Killed Ijyb
  2128 | D:3      | Found a glowing golden altar of the Shining One.
  2130 | D:3      | Noticed an angel
  2152 | D:3      | Found a basalt altar of Yredelemnul.
  2154 | D:3      | Noticed a profane servitor
  2299 | D:3      | Reached XP level 5. HP: 38/38 MP: 7/9
  2372 | D:3      | Found a runed translucent door.
  2373 | D:3      | Noticed Crazy Yiuf
  2810 | D:3      | Killed Crazy Yiuf
  2912 | D:4      | Found a burning altar of Makhleb.
  2917 | D:4      | Noticed Blork the orc
  2928 | D:4      | Killed Blork the orc
  3032 | D:4      | Noticed a lemure
  3032 | D:4      | Noticed a lemure
  3037 | D:4      | Noticed a lemure
  3044 | D:4      | Noticed Pikel
  3047 | D:4      | Noticed a lemure
  3048 | D:4      | Killed a lemure
  3133 | D:4      | Killed Pikel
  3134 | D:4      | Reached skill level 1 in Fighting
  3134 | D:4      | Reached skill level 5 in Spellcasting
  3134 | D:4      | Reached skill level 6 in Ice Magic
  3134 | D:4      | Reached XP level 6. HP: 35/47 MP: 7/13
  3134 | D:4      | Your scales start taking on a golden yellow colour.
  3134 | D:4      | Reached XP level 7. HP: 39/52 MP: 7/14
  3134 | D:4      | Gained mutation: You are resistant to acid. (rCorr) [Yellow
                  | Draconian growth]
  3223 | D:4      | Noticed Sigmund
  3236 | D:4      | Killed Sigmund
  3237 | D:4      | Reached skill level 7 in Ice Magic
  3359 | D:4      | Found Lellavu's Assorted Antiques.
  3471 | D:4      | Noticed Natasha
  3479 | D:4      | Killed Natasha
  3587 | D:4      | Found a snail-covered altar of Cheibriados.
  3687 | D:4      | Noticed Natasha
  3695 | D:4      | Killed Natasha
  3796 | D:4      | Noticed Natasha
  3801 | D:4      | Killed Natasha
  3807 | D:5      | Entered Level 5 of the Dungeon
  3824 | D:5      | Found Xuoc's Mayhem Merchandise.
  3866 | D:5      | You fall into a shaft and drop 3 floors!
  3882 | D:7      | Reached XP level 8. HP: 61/61 MP: 12/16
  4377 | D:6      | Noticed Prince Ribbit
  4390 | D:6      | Killed Prince Ribbit
  4390 | D:6      | HP: 1/61 [orc warrior/+0 halberd (7)]
  4397 | D:6      | Slain by an orc warrior

Illustrated notes

Levels and vault maps discovered:
D:1:      dreamdust_arrival_sigmund_warning, layout_loops_ring
D:2:      layout_rooms, basic_ecumenical_altar, minmay_hedge_maze,
          minmay_unequal, uniq_jessica
D:3:      minmay_spotlight, layout_basic, grunt_temple_overflow_holy_war,
          st_stairs_1, uniq_crazy_yiuf_cottage, uniq_ijyb
D:4:      layout_rooms, amcnicky_altar_gilded, slow_altar_1, serial_shops, shop,
          uniq_sigmund, uniq_blork_the_orc, uniq_natasha, uniq_pikel
D:5:      layout_basic, old_standard_altar, nemelex_xobeh_ov_fountains_minmay,
          serial_shops, nicolae_shop_trees, minmay_shop_mayhem, uniq_eustachio,
          uniq_edmund
D:6:      layout_basic, minmay_misc_feat_chi, uniq_prince_ribbit1
D:7:      layout_cave_pools, mainiacjoe_overflow_24_doors,
          lemuel_temple_firewalk_a
D:8:      lemuel_ratsnest, layout_basic, grunt_temple_overflow_open,
          ebering_ghost_gozag, enter_bailey_3, serial_shops,
          nicolae_shop_hallway_stairs

Skill      XL: |  1  2  3  4  5  6  7  8 |
---------------+-------------------------+-----
Dodging        | 2 |  2.8
Stealth        | 2 |  2.6
Ice Magic      | 5 6 7 |  7.8
Spellcasting   | 3 5 6 |  6.4
Fighting       | 1 2 |  2.1
Staves         | |  0.8
Unarmed Combat | |  0.5

Action                     |  1- 3 |  4- 6 |  7- 9 || total
---------------------------+-------+-------+-------++-------
  Melee: Unarmed           |    18 |    36 |       ||    54
         Tailslap          |     2 |     8 |     1 ||    11
         Quarterstaff      |       |     2 |    10 ||    12
   Cast: Freeze            |    46 |    85 |    94 ||   225
         Ozocubu's Armour  |       |       |     1 ||     1
    Use: Scroll            |     3 |     9 |       ||    12
         Potion            |       |     3 |       ||     3
   Stab: Distracted        |       |       |     1 ||     1
         Sleeping          |       |       |     1 ||     1
 Armour: Skin              |    10 |    27 |    26 ||    63
  Dodge: Dodged            |    42 |    70 |    61 ||   173

Table legend: (Time is in decaauts)
 A = Elapsed time spent in this place.
 B = Non-inter-level travel time spent in this place.
 C = Inter-level travel time spent in this place.
 D = Time resting spent in this place.
 E = Time spent auto-exploring this place.
 F = Levels seen in this place.
 G = Mean time per level.
                   A        B        C        D        E       F      G
               +--------+--------+--------+--------+--------+-----+--------+
         Total |   4382 |   4215 |    167 |     87 |   3394 |   8 |  547.8 |
       Dungeon |   4382 |   4215 |    167 |     87 |   3394 |   8 |  547.8 |
               +--------+--------+--------+--------+--------+-----+--------+

Top non-repeatable levels by time:
     D:3: 1316 daAuts
     D:4: 870 daAuts
     D:1: 836 daAuts
     D:2: 768 daAuts
     D:6: 410 daAuts
     D:7: 115 daAuts
     D:5: 59 daAuts
     D:8: 5 daAuts
